Map: Orbital Shipyard

Players

lesha

  • Race: Terran Terran
  • League: Gold

chocdaddy

  • Race: Protoss Protoss
  • League: Silver

VOD

Have the link to the VOD?

Description

Time

  • Played on: Jan. 9, 2016, 8:18 a.m.
  • Length: 17:09
Show
View Real Time Build Order
Export as new Build Order

lesha Terran 

Build Orders: Reaper Expand, MMM Bio 

Get SALT Encoding   

  12  0:01  SCV  
  13  0:13  SCV  
  14  0:18  Supply Depot  
  14  0:25  SCV  
  15  0:40  SCV, Barracks  
  16  0:46  Refinery  
  16  0:52  SCV  
  17  1:06  SCV  
  18  1:18  SCV  
  19  1:30  Reaper  
  21  1:33  Orbital Command  
  20  1:43  Command Center  
  20  1:56  Supply Depot  
  20  2:01  SCV  
  21  2:09  Barracks Reactor  
  21  2:10  Barracks  
  21  2:19  SCV  
  21  2:20  Refinery  
  22  2:51  SCV, Marine  
  23  2:52  Marine  
  25  3:01  Barracks Reactor  
  25  3:02  Factory  
  25  3:03  Barracks  
  25  3:04  SCV  
  26  3:06  Orbital Command  
  26  3:10  Marine x2  
  28  3:16  SCV  
  28  3:17  Supply Depot  
  29  3:22  Engineering Bay  
  29  3:28  SCV  
  29  3:32  SCV  
  31  3:36  Marine  
  31  3:41  SCV  
  33  3:44  SCV  
  33  3:47  Factory Tech Lab  
  34  3:52  Factory Reactor  
  34  3:53  SCV  
  34  3:54  Barracks Tech Lab  
  35  3:55  Marine x2  
  35  3:56  SCV, Marine x2  
  40  4:04  Terran Infantry Weapons Level 1  
  40  4:05  SCV  
  40  4:08  SCV  
  42  4:15  Starport  
  42  4:23  Stimpack, Barracks  
  44  4:24  Marine, Marauder  
  44  4:25  Marine  
  44  4:27  SCV  
  44  4:28  SCV  
  48  4:39  Marine x2  
  50  4:47  SCV x2, Factory Tech Lab  
  50  4:48  Marine  
  50  4:49  Marine  
  54  5:22  Barracks Reactor  
  54  5:23  Supply Depot  
  54  5:24  Supply Depot x3  
  54  5:28  SCV x2, Marine x4  
  54  5:29  Marauder  
  54  5:34  Command Center, Medivac x2  
  66  5:40  SCV x2, Refinery  
  68  5:46  Marine  
  68  5:47  Marine x3  
  68  5:49  Marine  
  73  5:59  Terran Infantry Armor Level 1  
  73  6:00  Barracks  
  73  6:05  Marine x4  
  77  6:23  Combat Shields  
  71  6:29  Marine  
  71  6:30  Marine  
  68  6:34  Marine x3  
  68  6:35  Medivac  
  68  6:36  Medivac  
  69  6:47  Marine x2  
  61  7:12  Missile Turret  
  61  7:17  Missile Turret  
  61  7:20  Missile Turret  
  61  7:24  Missile Turret  
  61  7:27  Missile Turret, Marine x5  
  66  7:30  Supply Depot  
  66  7:32  Bunker  
  66  7:34  Supply Depot, Barracks  
  66  7:37  Barracks  
  66  7:39  Barracks  
  66  7:45  Marine x3  
  66  7:46  Barracks  
  66  7:47  Marine x2  
  66  7:49  Medivac x2  
  75  8:02  Marine x2  
  75  8:03  Marine  
  70  8:22  Marine x4  
  70  8:23  Marine  
  72  8:32  Medivac x2  
  72  8:40  Marine x5  
  67  8:58  Marine x4  
  67  9:01  Marine  
  59  9:15  Marine  
  59  9:16  Marine x2  
  56  9:18  Marine  
  49  9:33  Marine  
  49  9:34  Marine x2  
  42  10:38  Command Center  
  36  11:34  Command Center  
Show
View Real Time Build Order
Export as new Build Order

chocdaddy Protoss 

Build Orders: Zealot Archon 

Get SALT Encoding   

  12  0:01  Probe (Chrono Boost)  
  13  0:11  Probe (Chrono Boost)  
  14  0:19  Pylon  
  14  0:23  Probe (Chrono Boost)  
  15  0:29  Assimilator  
  15  0:41  Gateway  
  15  0:48  Probe (Chrono Boost)  
  16  0:59  Probe (Chrono Boost)  
  16  1:00  Pylon  
  17  1:09  Probe (Chrono Boost)  
  18  1:20  Probe (Chrono Boost)  
  18  1:28  Zealot (Chrono Boost)  
  18  1:30  Probe (Chrono Boost)  
  21  1:50  Nexus  
  21  2:00  Cybernetics Core  
  21  2:03  Probe (Chrono Boost)  
  22  2:13  Zealot (Chrono Boost)  
  22  2:14  Probe (Chrono Boost)  
  25  2:24  Assimilator  
  25  2:26  Probe  
  26  2:32  Assimilator  
  26  2:36  Warp Gate (Chrono Boost)  
  26  2:38  Assimilator  
  26  2:47  Stalker (Chrono Boost)  
  28  2:57  Probe  
  29  3:00  Mothership Core  
  31  3:09  Probe  
  32  3:14  Twilight Council  
  32  3:20  Probe  
  32  3:21  Probe  
  34  3:30  Probe  
  34  3:33  Probe  
  36  3:38  Pylon  
  36  3:41  Probe  
  36  3:45  Probe  
  36  3:47  Forge  
  38  3:51  Probe  
  39  3:57  Probe  
  39  4:02  Probe  
  40  4:05  Dark Shrine  
  41  4:19  Gateway  
  41  4:21  Gateway  
  41  4:25  Protoss Ground Weapons Level 1 (Chrono Boost)  
  41  4:38  Probe x2  
  43  4:49  Probe  
  43  4:50  Probe  
  43  4:52  Pylon  
  45  4:57  Stalker  
  47  5:09  Pylon  
  47  5:24  Pylon  
  47  5:28  Probe  
  47  5:29  Probe  
  47  5:32  Robotics Facility  
  49  5:35  Pylon  
  49  5:37  Dark Templar  
  49  5:38  Probe  
  49  5:41  Probe  
  53  5:44  Dark Templar  
  53  5:46  Sentry  
  53  5:49  Probe  
  57  5:54  Probe, Pylon  
  59  6:00  Probe  
  60  6:06  Probe  
  61  6:21  Dark Templar  
  61  6:24  Dark Templar x2  
  63  6:35  Immortal  
  65  6:46  Gateway  
  65  6:48  Gateway  
  65  6:52  Gateway, Probe x2  
  65  6:53  Gateway  
  67  6:56  Gateway  
  67  6:57  Pylon  
  67  6:58  Pylon  
  59  7:03  Dark Templar  
  59  7:04  Dark Templar  
  61  7:14  Protoss Ground Weapons Level 2 (Chrono Boost)  
  61  7:15  Observer (Chrono Boost)  
  62  7:17  Blink (Chrono Boost)  
  62  7:21  Archon  
  62  7:22  Zealot  
  64  7:24  Photon Cannon  
  64  7:27  Pylon  
  64  7:28  Pylon  
  64  7:29  Probe  
  65  7:31  Probe  
  66  7:41  Immortal (Chrono Boost)  
  66  7:44  Probe x2  
  72  7:54  Stalker  
  74  7:58  Stalker x2  
  76  8:18  Dark Templar  
  76  8:19  Dark Templar x4  
  80  8:33  Stalker x3  
  82  8:37  Probe x2  
  75  8:49  Probe x2  
  75  8:53  Dark Templar x2  
  69  9:01  Probe  
  71  9:07  Sentry  
  71  9:08  Sentry  
  75  9:13  Probe  
  75  9:14  Zealot  
  73  9:27  Zealot  
  56  10:12  Pylon  
  25  15:40  Assimilator  
Tags
 
Add a new tag
Caveats
  • Supply blocks, unpowered buildings, or Contaminate may cause inaccurate times.
  • Supply counts are checked every 10 seconds.